 Dungeon Crawl Stone Soup version 0.30.1-11-g7821555f0a (webtiles) character file.

Game seed: 15042697147534288880

557 xXxYeetmaster69xXx the Ruffian (level 7, 0/100 HPs)
             Began as a Troll Berserker on Dec 7, 2023.
             Was a Believer of Trog.
             Slain by a gnoll
             ... wielding a +0 spear
             ... led by a gnoll bouda
              (9 damage)
             ... on level 5 of the Dungeon.
             The game lasted 00:07:50 (2780 turns).

xXxYeetmaster69xXx the Ruffian (Troll Berserker)    Turns: 2780, Time: 00:07:51

Health: 0/100      AC:  4    Str: 28    XL:     7   Next: 9%
Magic:  6/6        EV: 10    Int:  3    God:    Trog [**....]
Gold:   286        SH:  0    Dex:  9    Spells: 6/6 levels left

rFire   . .          .
                       - Unarmed
rCold   . . .        (no shield)
rNeg    . . .        a - +0 animal skin
rPois   .            (helmet restricted)
rElec   .            (no cloak)
rCorr   .            (gloves unavailable)
SInv    .            (boots unavailable)
Will    .....        c - amulet of faith Stlth
                     (no ring)
HPRegen 1.16/turn    (no ring)
MPRegen 0.10/turn

%: faith
@: berserking (expiring), weakened, very quick
A: large, unfitting armour, claws 3, regeneration 1, shaggy fur 1, tough skin 1
a: Renounce Religion, Berserk, Trog's Hand


You were on level 5 of the Dungeon.
You worshipped Trog.
Trog was pleased with you.
You visited 1 branch of the dungeon, and saw 5 of its levels.

You collected 286 gold pieces.

Inventory:

Armour
 a - a +0 animal skin (worn)
Jewellery
 c - an amulet of faith (around neck)
Scrolls
 e - 6 scrolls of identify {unknown}
 h - 2 scrolls of magic mapping {unknown}
 k - 4 scrolls of teleportation {unknown}
 m - a scroll of blinking {unknown}
 o - a scroll of enchant armour {unknown}
 p - a scroll of immolation {unknown}
 t - a scroll of amnesia {unknown}
 u - a scroll of poison {unknown}
Potions
 b - 2 potions of heal wounds {unknown}
 d - 3 potions of haste
 f - a potion of flight {unknown}
 g - 3 potions of attraction {unknown}
 i - a potion of curing {unknown}
 j - 2 potions of mutation {unknown}
 l - a potion of magic {unknown}
 n - 2 potions of might {unknown}
 q - a potion of ambrosia {unknown}
 r - a potion of brilliance {unknown}
 s - a potion of cancellation {unknown}


   Skills:
 + Level 3.4 Fighting
 + Level 3.8 Dodging
 + Level 1.3 Stealth
 + Level 6.1 Unarmed Combat


You had 6 spell levels left.
You didn't know any spells.
Your spell library was empty.

Dungeon Overview and Level Annotations

Branches:
Dungeon (5/15)
 Temple: D:4-7

Altars:
Okawaru
Uskayaw
Vehumet
Xom


Innate Abilities, Weirdness & Mutations

You are too large for most types of armour.
You have claws for hands.
Your natural rate of healing is unusually fast.
You are covered in fur. (AC +1)
You have tough skin. (AC +1)


Message History

You feel sick. The gnoll hits you but does no damage. The gnoll misses you.
The gnoll hits you from afar with a +0 spear.
You barely miss the gnoll bouda.
The gnoll hits you from afar with a +0 spear!
The gnoll bouda hits you with a +0 club!
* * * LOW HITPOINT WARNING * * *
The gnoll barely misses you.
You barely miss the gnoll bouda. Your claw misses the gnoll bouda.
You feel sick. The gnoll barely misses you.
You are too berserk!
You closely miss the gnoll bouda. You claw the gnoll bouda!
The gnoll bouda is moderately wounded.
You feel sick. The gnoll barely misses you.
The gnoll bouda completely misses you.
Unknown command.
You barely miss the gnoll bouda.
The gnoll bouda is moderately wounded.
The gnoll misses you. The gnoll hits you with a +0 halberd.
* * * LOW HITPOINT WARNING * * *
You mangle the gnoll bouda!!
You feel the power of Trog in you as your rage grows.
You kill the gnoll bouda!
Trog accepts your kill.
You feel sick.
You are no longer poisoned.
The gnoll hits you but does no damage.
The gnoll hits you from afar with a +0 spear.
* * * LOW HITPOINT WARNING * * *
You scratch the gnoll.
The gnoll is heavily wounded.
The gnoll hits you with a +0 club.
* * * LOW HITPOINT WARNING * * *
The gnoll barely misses you.
The gnoll hits you from afar with a +0 spear!
* * * LOW HITPOINT WARNING * * *
You claw the gnoll!
You kill the gnoll!
Trog accepts your kill.
The gnoll hits you from afar with a +0 spear!
You die...

. .........>..# #
#..#.##.#...#...# #
#..#.##.#...#...#
###..#.##.#...#...#
#.........#...#...# #
#.#....#......#...#.#
#.#.#..#.##.#.#..g..
#'#.#..#.##.#.#..##
....#....##.#...@)#
.†..##.#.##.###.g.......
....##.#.##......g..####
....##.####.#########
..............
######.####.##
.............#
##...###.###.# #.### .#


You could see 3 gnolls.

Vanquished Creatures
  Grinder (D:3)
  The ghost of porpoise the Shooter, an amateur TeHu (D:3)
  A scorpion (D:4)
  A jelly (D:4)
  A gnoll bouda (D:5)
  2 iguanas
  2 gnolls (D:5)
  3 adders
  A dart slug (D:3)
  7 orcs (D:4)
  7 ball pythons
  7 endoplasms
  4 giant cockroaches
  3 goblins
  7 hobgoblins
  3 jackals (D:3)
  2 quokkas
  3 bats
  A frilled lizard (D:2)
  4 kobolds
  4 rats
65 creatures vanquished.

Notes
Turn   | Place    | Note
-------+----------+-------------------------------------------
     0 | D:1      | xXxYeetmaster69xXx the Troll Berserker began the quest for
                  | the Orb.
     0 | D:1      | Reached XP level 1. HP: 22/22 MP: 0/0
   457 | D:1      | Found a faded altar of an unknown god.
   590 | D:2      | Reached XP level 2. HP: 29/29 MP: 1/1
  1190 | D:3      | Noticed Grinder
  1192 | D:3      | Found a transporter.
  1202 | D:3      | Killed Grinder
  1203 | D:3      | Reached skill level 4 in Unarmed Combat
  1203 | D:3      | Reached XP level 3. HP: 11/37 MP: 2/2
  1203 | D:3      | Reached XP level 4. HP: 14/45 MP: 3/3
  1203 | D:3      | Reached XP level 5. HP: 16/53 MP: 4/4
  1259 | D:3      | Found a shimmering altar of Xom.
  1259 | D:3      | Found a radiant altar of Vehumet.
  1269 | D:3      | Found an iron altar of Okawaru.
  1392 | D:3      | Reached ** piety under Trog
  1478 | D:3      | Found a transporter.
  1478 | D:3      | Noticed porpoise's ghost (amateur TeHu)
  2049 | D:3      | Killed porpoise's ghost
  2050 | D:3      | Reached skill level 1 in Stealth
  2050 | D:3      | Reached skill level 5 in Unarmed Combat
  2050 | D:3      | Reached XP level 6. HP: 61/61 MP: 5/5
  2450 | D:4      | Found a hide-covered altar of Uskayaw.
  2673 | D:5      | Entered Level 5 of the Dungeon
  2772 | D:5      | Reached skill level 6 in Unarmed Combat
  2772 | D:5      | Reached XP level 7. HP: 44/67 MP: 6/6
  2780 | D:5      | Slain by a gnoll

Illustrated notes

Levels and vault maps discovered:
D:1:      psy_arrival_spokes, layout_rooms, chequers_ecumenical_altar_island
D:2:      layout_basic
D:3:      minmay_inner_zag, layout_loops_ring, nicolae_overflow_hidden_temple,
          gammafunk_ghost_arena, uniq_grinder
D:4:      layout_loops_ring, nicolae_uskayaw_murder_on_the_dancefloor,
          grunt_ministairs_14, minmay_vboxes
D:5:      layout_basic, minmay_temple_entry_mist, serial_rivers,
          chequers_serial_rivers_large_a, chequers_serial_rivers_marsh,
          chequers_serial_rivers_large_b, chequers_serial_rivers_room_a,
          chequers_serial_rivers_micro_d, chequers_serial_rivers_micro_d

Skill      XL: |  1  2  3  4  5  6 |
---------------+-------------------+-----
Fighting       | 3 |  3.4
Dodging        | 3 |  3.8
Unarmed Combat | 4 5 6 |  6.1
Stealth        | 1 |  1.3

Action                     |  1- 3 |  4- 6 |  7- 9 || total
---------------------------+-------+-------+-------++-------
  Melee: Unarmed           |    56 |    94 |     8 ||   158
         Punch             |     1 |     1 |     1 ||     3
 Invoke: Berserk           |     1 |     2 |       ||     3
   Stab: Sleeping          |     1 |     3 |       ||     4
 Armour: Animal skin       |    16 |    23 |     2 ||    41
  Dodge: Dodged            |    22 |    41 |     7 ||    70
